 Dungeon Crawl Stone Soup version 0.20.1-1-g8b1a95d (webtiles) character file.

0 equalderp2856 the Magician (level 1, -1/13 HPs)
             Began as a Spriggan Wizard on Aug 19, 2017.
             Slain by a kobold (2 damage)
             ... on level 2 of the Dungeon.
             The game lasted 00:03:30 (888 turns).

equalderp2856 the Magician (Spriggan Wizard)         Turns: 888, Time: 00:03:31

Health: -1/13      AC: 20    Str:  3    XL:     1   Next: 0%
Magic:  6/6        EV:  4    Int: 24    God:
Gold:   31         SH:  0    Dex: 14    Spells: 7/8 levels left

rFire    . . .     SeeInvis +   (weapon restricted)
rCold    . . .     Gourm    .   (shield restricted)
rNeg     + + +     Faith    .   (armour currently unavailable)
rPois    +         Spirit   .   (helmet currently unavailable)
rElec    .         Reflect  .   (cloak currently unavailable)
rCorr    .         Harm     .   (gloves unavailable)
MR       .....     NoTele   +   (boots unavailable)
Stlth    ++........             (no amulet)
Regen    0.1/turn               (no ring)
MPRegen  0.1/turn               (no ring)

@: brilliant, tree-form
A: unfitting armour, see invisible, herbivore 3, slow metabolism 2
a: no special abilities


You were on level 2 of the Dungeon.
You were not hungry.
You were a tree.
You visited 1 branch of the dungeon, and saw 3 of its levels.

You collected 31 gold pieces.

Inventory:

Armour
 a - a +0 robe (melded)
 b - a +0 hat (melded)
Scrolls
 e - a scroll of identify
 f - a scroll of blinking {unknown}
 g - a scroll of teleportation
Books
 c - a book of Minor Magic

   Spells                             Type                      Level
   a - Magic Dart                     Conjuration                  1
   b - Blink                          Translocation                2
   c - Call Imp                       Summoning                    2
   d - Slow                           Hexes                        2
   e - Conjure Flame                  Conjuration/Fire             3
   f - Mephitic Cloud                 Conjuration/Poison/Air       3
Comestibles
 d - a bread ration


   Skills:
 + Level 3.0 Dodging
 + Level 3.0 Stealth
 + Level 4.0 Spellcasting
 + Level 0.6 Conjurations
   Level 0.7 Summonings
   Level 1.5 Translocations


You had 7 spell levels left.
You knew the following spells:

 Your Spells              Type           Power        Failure   Level  Hunger
a - Magic Dart            Conj           ###.         1%          1    None


Dungeon Overview and Level Annotations

Branches:
Dungeon (3/15)

Altars:


Innate Abilities, Weirdness & Mutations

You are very small and have problems with some larger weapons.
You are too small for most types of armour.
You have supernaturally acute eyesight. (SInv)
You are a herbivore.
((You cover ground extremely quickly.))
You need consume almost no food.


Message History

The jackal bites you but does no damage.
The bat hits you but does no damage.
The jackal bites you but does no damage.
The kobold hits you but does no damage. The goblin hits you but does no damage.
The jackal barely misses you.
The kobold hits you but does no damage. x2
The jackal bites you but does no damage.
The goblin hits you but does no damage. The kobold hits you but does no damage.
The kobold barely misses you.
The jackal bites you but does no damage.
The goblin hits you with a club.
* * * LOW HITPOINT WARNING * * *
The jackal barely misses you.
The kobold hits you but does no damage. x2
The jackal bites you but does no damage.
The goblin hits you but does no damage.
The kobold hits you but does no damage. x2
The jackal bites you.
* * * LOW HITPOINT WARNING * * *
The goblin hits you but does no damage.
The jackal bites you but does no damage.
The kobold hits you but does no damage. The kobold hits you.
You die...

##.####.#.####.##
.#.#....#.......
...............#####
...................
......(........?.#
!.....$.. #......#
##.###.####......#
...w...........h.#
.#.#..........wK♣#
##.#........#..gK#
##.#..[.........b#
##.#........#.#..#
...#..#..........#
##...............#
..................
.#$#..............
.#.#...h..#.#.#


You could see a dart slug, a jackal, a goblin, a bat and 2 kobolds.

Vanquished Creatures (others)
  An orc (D:3)
1 creature vanquished.

Notes
Turn   | Place    | Note
-------+----------+-------------------------------------------
     0 | D:1      | equalderp2856 the Spriggan Wizard began the quest for the Orb.
     0 | D:1      | Reached XP level 1. HP: 9/9 MP: 6/6
   295 | D:3      | Noticed an orc wizard
   297 | D:3      | Noticed an orc priest
   888 | D:2      | Slain by a kobold

Action                   || total
-------------------------++-------
Melee: Unarmed           ||     1
  Use: Scroll            ||     3
       Potion            ||     2
Armor: Skin              ||    81
       Robe              ||    23
Dodge: Dodged            ||   183
